 Dungeon Sprint DCSS version 0.26-a0-1132-ge9770dfcb6 (webtiles) character file.

Game seed: 989995676634918754

6214 mhtbhm the Fencer (level 10, -1/104 HPs)
             Began as a Minotaur Fighter on Dec 20, 2020.
             Was a High Priest of Okawaru.
             Slain by an orc knight
             ... wielding a +0 bardiche
              (47 damage)
             ... in the Dungeon (Sprint IX: "|||||||||||||||||||||||||||||").
             The game lasted 00:04:32 (1828 turns).

mhtbhm the Fencer (Minotaur Fighter)                Turns: 1828, Time: 00:04:32

Health: -1/104     AC: 16    Str: 24    XL:     10   Next: 61%
Magic:  9/9        EV: 11    Int:  5    God:    Okawaru [*****.]
Gold:   675        SH: 13    Dex: 10    Spells: 9/9 levels left

rFire    . . .     SeeInvis .   a - +2 scimitar (holy)
rCold    . . .     Faith    .   c - +0 kite shield
rNeg     . . .     Spirit   .   b - +1 chain mail
rPois    .         Reflect  .   (helmet restricted)
rElec    .         Harm     .   n - +0 cloak
rCorr    .         Rampage  .   i - +0 pair of gloves
Will     .....     NoTele   +   (no boots)
Stlth    ..........             (no amulet)
HPRegen  0.27/turn              (no ring)
MPRegen  0.11/turn              (no ring)

@: no status effects
A: retaliatory headbutt, horns 2
a: Renounce Religion, Heroism, Finesse


You were in the Dungeon.
You worshipped Okawaru.
Okawaru was extremely pleased with you.
You visited 1 branch You collected 675 gold pieces.

Inventory:

Hand Weapons
 a - a +2 scimitar of holy wrath (weapon)
Armour
 b - a +1 chain mail (worn)
 c - a +0 kite shield (worn)
 i - a +0 pair of gloves (worn)
 n - a +0 cloak (worn)
Jewellery
 o - a +2 ring of protection
 p - a +3 ring of strength
Wands
 m - a wand of iceblast (4)
Scrolls
 j - a scroll of blinking
 k - 4 scrolls of remove curse
 l - 2 scrolls of amnesia
 r - 4 scrolls of identify
 s - 2 scrolls of enchant weapon
 t - a scroll of fear
 u - 2 scrolls of fog
Potions
 d - a potion of might
 e - 7 potions of curing
 f - a potion of heal wounds
 g - a potion of haste
 h - 4 potions of magic
 q - 2 potions of brilliance


   Skills:
 + Level 14.4 Fighting
 + Level 16.5 Long Blades
 + Level 13.1 Armour
 + Level 6.0 Dodging
 + Level 14.1 Shields
 + Level 2.9 Evocations


You had 9 spell levels left.
You didn't know any spells.
Your spell library was empty.

Dungeon Overview and Level Annotations

Branches:
Dungeon (1/1)

Altars:
Cheibriados
Dithmenos
Elyvilon
Fedhas
Gozag
Hepliaklqana
Kikubaaqudgha
Makhleb
Nemelex Xobeh
Okawaru
Qazlal
Ru
Sif Muna
Trog
Uskayaw
Vehumet
Wu Jian
Xom
Yredelemnul
Zin
The Shining One
Beogh
Jiyva
Lugonu


Innate Abilities, Weirdness & Mutations

You reflexively headbutt those who attack you in melee.
You have a pair of horns on your head.


Message History

You hit the orc knight. Your headbutt misses the orc knight.
The orc knight is heavily wounded.
An orc sorcerer comes into view. It is wielding a +0 dagger.
You hit the orc knight but do no damage.
The orc knight is heavily wounded.
You block the orc knight's attack.
You slice the orc knight!!
The orc knight is almost dead.
The orc knight roars a battlecry!
The orc knight goes into a battle-frenzy!
The orc priest calls upon Beogh to heal the orc knight.
The orc knight is healed somewhat.
You hit the orc knight but do no damage.
The orc knight is severely wounded.
The orc knight hits you with a +0 bardiche!!
* * * LOW HITPOINT WARNING * * *
Unknown command.
You feel much better.
The orc knight hits you with a +0 bardiche!!!
You die...

▓)▓.▓†▓.▓_▓
▓)▓.▓'▓.▓_▓
▓.▓.▓.▓.▓_▓
▓.▓.▓.▓.▓_▓
▓.▓.▓.▓.▓_▓
▓.▓.▓.▓.▓_▓
▓.▓.▓.▓.▓_▓
▓[▓.▓.▓.▓_▓
▓@▓.▓.▓.▓_▓
▓o▓.▓.▓.▓_▓
▓o▓.▓.▓.▓_▓
▓o▓.▓'▓.▓_▓
▓o▓.▓.▓.▓_▓
▓o▓.▓.▓.▓_▓
▓o▓.▓.▓.▓_▓
▓o▓.▓.▓.▓_▓
▓.▓.▓.▓_▓


You could see 3 orc knights, an orc sorcerer (strong), 2 orc warriors and an orc
priest (strong).

Vanquished Creatures
  A hydra (D)
  An orc high priest (D)
  2 cane toads (D)
  4 komodo dragons (D)
  A polar bear (D)
  2 blink frogs (D)
  2 yaks (D)
  A wyvern (D)
  A basilisk (D)
  4 vampire mosquitoes (D)
  4 water moccasins (D)
  A black bear (D)
  A necrophage (D)
  An ogre (D)
  3 orc warriors (D)
  A phantom (D)
  A wolf (D)
  A big kobold (D)
  3 bullfrogs (D)
  A scorpion (D)
  A killer bee (D)
  A howler monkey (D)
  A wight (D)
  A hound (D)
  3 orc priests (D)
  A worker ant (D)
  An orc wizard (D)
  2 adders (D)
  7 orcs (D)
  2 giant cockroaches (D)
  2 goblins (D)
  2 hobgoblins (D)
  A jackal zombie (D)
  A leopard gecko zombie (D)
  A quokka skeleton (D)
63 creatures vanquished.

Notes
Turn   | Place    | Note
-------+----------+-------------------------------------------
     0 | D        | mhtbhm the Minotaur Fighter began the quest for the Orb.
     0 | D        | Reached XP level 1. HP: 19/19 MP: 0/0
    23 | D        | Noticed a necrophage
    23 | D        | Noticed a phantom
    23 | D        | Noticed a hound
    23 | D        | Noticed an ogre
    32 | D        | Killed a necrophage
    33 | D        | Reached skill level 4 in Long Blades
    33 | D        | Reached skill level 1 in Dodging
    33 | D        | Reached XP level 2. HP: 19/31 MP: 1/1
    33 | D        | Reached XP level 3. HP: 23/38 MP: 2/2
    33 | D        | Reached XP level 4. HP: 27/45 MP: 3/3
    39 | D        | Reached skill level 5 in Long Blades
    42 | D        | Killed an ogre
    43 | D        | Reached skill level 6 in Long Blades
    43 | D        | Reached XP level 5. HP: 48/55 MP: 4/4
    86 | D        | Found a roughly hewn altar of Beogh.
    86 | D        | Found a snail-covered altar of Cheibriados.
    86 | D        | Found a shadowy altar of Dithmenos.
    86 | D        | Found a white marble altar of Elyvilon.
    86 | D        | Found a blossoming altar of Fedhas.
    86 | D        | Found an opulent altar of Gozag.
    87 | D        | Killed a phantom
    88 | D        | Reached skill level 7 in Long Blades
    88 | D        | Reached XP level 6. HP: 13/63 MP: 5/5
    88 | D        | Found a hazy altar of Hepliaklqana.
    89 | D        | Found a viscous altar of Jiyva.
    90 | D        | Found an ancient bone altar of Kikubaaqudgha.
    91 | D        | Found a corrupted altar of Lugonu.
    92 | D        | Found a burning altar of Makhleb.
    93 | D        | Found a sparkling altar of Nemelex Xobeh.
    94 | D        | Found an iron altar of Okawaru.
    95 | D        | Found a stormy altar of Qazlal.
    96 | D        | Found a sacrificial altar of Ru.
    97 | D        | Found a shimmering blue altar of Sif Muna.
    98 | D        | Found a bloodstained altar of Trog.
    99 | D        | Found a hide-covered altar of Uskayaw.
   100 | D        | Found a radiant altar of Vehumet.
   101 | D        | Found an ornate altar of the Wu Jian Council.
   102 | D        | Became a worshipper of Warmaster Okawaru
   105 | D        | Found a shimmering altar of Xom.
   106 | D        | Found a basalt altar of Yredelemnul.
   107 | D        | Found a glowing silver altar of Zin.
   108 | D        | Found a glowing golden altar of the Shining One.
   353 | D        | Reached skill level 8 in Long Blades
   458 | D        | Noticed a yak
   462 | D        | Reached skill level 10 in Fighting
   462 | D        | Reached skill level 9 in Long Blades
   462 | D        | Reached XP level 7. HP: 72/72 MP: 6/6
   469 | D        | Killed a yak
   469 | D        | Reached * piety under Okawaru
   470 | D        | Reached skill level 10 in Long Blades
   470 | D        | Reached skill level 10 in Shields
   589 | D        | Noticed a komodo dragon
   589 | D        | Noticed a polar bear
   589 | D        | Noticed a komodo dragon
   593 | D        | Noticed a basilisk
   599 | D        | Killed a komodo dragon
   600 | D        | Reached skill level 11 in Long Blades
   601 | D        | Reached ** piety under Okawaru
   602 | D        | Reached XP level 8. HP: 50/81 MP: 7/7
   605 | D        | Killed a polar bear
   605 | D        | Noticed a cane toad
   606 | D        | Reached skill level 12 in Long Blades
   606 | D        | Reached skill level 10 in Armour
   607 | D        | Noticed a komodo dragon
   616 | D        | Killed a komodo dragon
   619 | D        | Reached skill level 13 in Long Blades
   632 | D        | Reached *** piety under Okawaru
   640 | D        | Killed a cane toad
   641 | D        | Reached skill level 5 in Dodging
   641 | D        | Reached XP level 9. HP: 22/90 MP: 8/8
   644 | D        | Killed a komodo dragon
   645 | D        | Reached skill level 14 in Long Blades
   666 | D        | Noticed an eight-headed hydra
   917 | D        | Reached **** piety under Okawaru
   940 | D        | Killed a nine-headed hydra
   941 | D        | Reached skill level 15 in Long Blades
   941 | D        | Reached skill level 1 in Evocations
  1068 | D        | Noticed a komodo dragon
  1076 | D        | Killed a komodo dragon
  1076 | D        | Reached ***** piety under Okawaru
  1126 | D        | Reached XP level 10. HP: 71/101 MP: 9/9
  1256 | D        | Noticed a cane toad
  1267 | D        | Killed a cane toad
  1268 | D        | Reached skill level 16 in Long Blades
  1794 | D        | Noticed an orc high priest
  1794 | D        | Noticed an orc knight
  1794 | D        | Noticed an orc knight
  1795 | D        | Noticed a soul eater
  1816 | D        | Killed an orc high priest
  1816 | D        | Received a gift from Okawaru
  1817 | D        | Noticed an orc knight
  1825 | D        | Noticed an orc sorcerer
  1828 | D        | Slain by an orc knight

Illustrated notes

Levels and vault maps discovered:
D:        linesprint [early_d, line_temple, items_1, d_10, items_2, lair_1,
          lair_end, items_3, orc_1, orc_end, items_4, d_15, swamp_1, shoals_1,
          snake_1, spider_1, d_20, vaults_1, items_5, swamp_end, shoals_end,
          snake_end, spider_end, vaults_end, d_27, items_6, zot_1, zot_end,
          crypt_end, forest_end, elf_end, slime_end, tomb_end, abyss_end,
          pan_hell_end]

Skill      XL: |  1  2  3  4  5  6  7  8  9 10 |
---------------+-------------------------------+-----
Fighting       | 6 8 9 10 11 13 14 | 14.4
Armour         | 6 7 8 9 10 12 13 | 13.1
Shields        | 6 8 9 10 12 13 14 | 14.1
Long Blades    | 4 6 7 9 11 13 15 16 | 16.5
Dodging        | 1 2 3 4 5 6 |  6.0
Evocations     | 1 2 |  2.9

Action                   |  1- 3 |  4- 6 |  7- 9 | 10-12 || total
-------------------------+-------+-------+-------+-------++-------
Melee: Long sword        |    22 |    25 |       |       ||    47
       Headbutt          |     2 |     8 |    12 |    10 ||    32
       Scimitar          |       |    29 |    78 |    92 ||   199
Evoke: Wand              |       |       |     6 |       ||     6
  Use: Potion            |       |     1 |     3 |     1 ||     5
       Scroll            |       |       |     1 |       ||     1
 Stab: Invisible         |       |       |     3 |       ||     3
Armor: Scale mail        |     7 |     2 |       |       ||     9
       Chain mail        |       |     9 |    11 |    12 ||    32
Dodge: Dodged            |     7 |    15 |    15 |    17 ||    54
Block: Kite shield       |     9 |    30 |    35 |    46 ||   120
       Rpst.: Long sword |     1 |     3 |       |       ||     4
       Scimitar          |       |     2 |     4 |     4 ||    10

Table legend: (Time is in decaauts)
 A = Elapsed time spent in this place.
 B = Non-inter-level travel time spent in this place.
 C = Inter-level travel time spent in this place.
 D = Time resting spent in this place.
 E = Time spent auto-exploring this place.
 F = Levels seen in this place.
 G = Mean time per level.
                   A        B        C        D        E       F      G
               +--------+--------+--------+--------+--------+-----+--------+
         Total |   1790 |   1790 |      0 |   1064 |    170 |   1 | 1790.0 |
       Dungeon |   1790 |   1790 |      0 |   1064 |    170 |   1 | 1790.0 |
               +--------+--------+--------+--------+--------+-----+--------+

Top non-repeatable levels by time:
       D: 1790 daAuts
